 Dungeon Crawl Stone Soup version 0.29.1-2-gbd0b4ee654 (webtiles) character file.

Game seed: 14017359448790249080

191 Araneus the Insei (level 5, 0/41 HPs)
             Began as a Demonspawn Monk on Oct 27, 2022.
             Slain by a scorpion zombie (3 damage)
             ... on level 4 of the Dungeon on Nov 3, 2022.
             The game lasted 00:08:05 (3795 turns).

Araneus the Insei (Demonspawn Monk)                 Turns: 3795, Time: 00:08:05

Health: 0/41       AC:  5    Str: 11 (14) XL:     5   Next: 41%
Magic:  5/5        EV: 12    Int:  9 (11) God:
Gold:   200        SH:  0    Dex: 14 (15) Spells: 4/4 levels left

rFire   . . .      SeeInvis .     - Unarmed
rCold   . . .      Faith    .   (no shield)
rNeg    . . .      Spirit   .   o - +0 leather armour
rPois   +          Reflect  .   (no helmet)
rElec   .          Harm     .   l - +0 cloak
rCorr   .          Rampage  .   (no gloves)
Will    .....                   h - +0 pair of boots
Stlth   ++........              (no amulet)
HPRegen 0.13/turn               a - ring of poison resistance
MPRegen 0.09/turn               (no ring)

@: weak-willed
A: foul stench 1, weakness stinger 1
a: no special abilities


You were on level 4 of the Dungeon.
You visited 1 branch of the dungeon, and saw 4 of its levels.

You collected 200 gold pieces.

Inventory:

Armour
 h - a +0 pair of boots (worn)
 l - a +0 cloak (worn)
 o - a +0 leather armour (worn)
Jewellery
 a - a ring of poison resistance (left hand)
Scrolls
 c - a scroll of identify
 d - a scroll of fog
 e - a scroll of noise
 g - 2 scrolls of magic mapping
Potions
 b - a potion of ambrosia
 q - a potion of heal wounds
 r - 2 potions of might


   Skills:
 - Level 3.0 Fighting
 - Level 2.6 Dodging
 - Level 1.7 Stealth
 + Level 5.6 Unarmed Combat


You had 4 spell levels left.
You didn't know any spells.
Your spell library contained the following spells:

 Spells                   Type           Power      Damage    Failure   Level
 Apportation              Tloc           0%         N/A       47%         1
 Freeze                   Ice            0%         1d3       47%         1
 Sublimation of Blood     Necr           0%         N/A       63%         2
 Wereblood                Tmut           0%         N/A       63%         2
 Frozen Ramparts          Ice            0%         1d1       85%         3
 Hailstorm                Conj/Ice       0%         3d3       99%         4
 Petrify                  Tmut/Erth      0%         N/A       99%         4
 Alistair's Intoxication  Tmut/Pois      0%         N/A       100%        5
 Irradiate                Conj/Tmut      0%         3d11      100%        5
 Summon Hydra             Summ           0%         N/A       100%        7


Dungeon Overview and Level Annotations

Branches:
Dungeon (4/15)
 Temple: D:4-7

Altars:
Ashenzari


Innate Abilities, Weirdness & Mutations

You may rarely emit foul miasma when damaged in melee.
You have a small tail.


Message History

The phantom hits you but does no damage.
As you read the scroll labelled ZETREE RISTEJ, it crumbles to dust.
You feel aware of your surroundings.
It was a scroll of magic mapping.
The phantom hits you. x2; The phantom blinks!
You blink.
Found a scroll of fog.
As you read the scroll labelled VUSTUXZ QUKK, it crumbles to dust.
The creatures around you are filled with an inner flame!
It was a scroll of immolation.
The scorpion zombie hits you.
The phantom hits you but does no damage.
The air fills with toxic fumes!
As you read the scroll labelled SIFEMOA PALULE, it crumbles to dust.
It was a scroll of poison.
The scorpion zombie hits you but does no damage.
The phantom hits you but does no damage.
The phantom hits you.
As you read the scroll labelled FAJACWAOSA, it crumbles to dust.
Magic quickly surges around you.
It was a scroll of vulnerability.
The scorpion zombie completely misses you.
The phantom hits you. x2
The phantom attacks as you move away! The phantom hits you.
The phantom attacks as you move away! The phantom closely misses you.
The scorpion zombie hits you.
* * * LOW HITPOINT WARNING * * *
The phantom hits you.
* * * LOW HITPOINT WARNING * * *
The phantom attacks as you move away!
The phantom hits you but does no damage.
The phantom closely misses you. The phantom attacks as you move away!
The phantom misses you.
The scorpion zombie attacks as you move away!
The scorpion zombie hits you.
* * * LOW HITPOINT WARNING * * *
Found a scroll of identify.
The scorpion zombie attacks as you move away!
The scorpion zombie hits you.
* * * LOW HITPOINT WARNING * * *
The scorpion zombie attacks as you move away!
The scorpion zombie barely misses you.
The scorpion zombie attacks as you move away!
The scorpion zombie hits you.
You die...

###### ###8§§.#
***###*****##§§.§§§# ##
*,,,...,,?....#§§§§##**#.
*,***#.#*####.#§§§§.,,,..
*,***,#?#####.#.#..#***#.
*,**,**#@ZWW...###.### #.
*,***,#.#####...#....###.
*,* *#.#* ####.##......
*,* #.* ####.#.P.. *,*
#,* #..8...
*********,****,** ##....8
,,,,,,,,,,,,,,,,** #.....
*******,,,,,,,,,,* #.....
*,*,**,,,,,* #....)


You could see 2 phantoms and a scorpion zombie (inner flame, weak-willed).

Vanquished Creatures
  A bullfrog skeleton (D:4)
  A hound zombie (D:4)
  A hound skeleton (D:4)
  4 adders
  An adder skeleton (D:4)
  2 worms (D:2)
  5 dart slugs
  An orc (D:3)
  12 endoplasms
  2 giant cockroaches
  4 goblins
  5 hobgoblins
  2 jackals (D:4)
  10 kobolds
  A quokka (D:2)
  7 ball pythons
  12 bats
  5 frilled lizards
  3 rats
79 creatures vanquished.

Vanquished Creatures (others)
  A withered plant (D:4)
1 creature vanquished.

Grand Total: 80 creatures vanquished

Notes
Turn   | Place    | Note
-------+----------+-------------------------------------------
     0 | D:1      | Araneus the Demonspawn Monk began the quest for the Orb.
     0 | D:1      | Reached XP level 1. HP: 18/18 MP: 1/1
   225 | D:1      | Reached skill level 3 in Unarmed Combat
   237 | D:1      | Gained mutation: You have a small tail. [demonic ancestry]
   237 | D:1      | Reached XP level 2. HP: 17/24 MP: 2/2
  1474 | D:1      | Gained mutation: You may rarely emit foul miasma when
                  | damaged in melee. [demonic ancestry]
  1474 | D:1      | Reached XP level 3. HP: 29/29 MP: 3/3
  1693 | D:2      | Reached skill level 4 in Unarmed Combat
  2122 | D:2      | Found a faded altar of an unknown god.
  2222 | D:2      | Reached XP level 4. HP: 35/35 MP: 4/4
  2448 | D:3      | Found a broken altar of Ashenzari.
  2853 | D:3      | Reached skill level 5 in Unarmed Combat
  3437 | D:4      | Reached XP level 5. HP: 38/41 MP: 5/5
  3775 | D:4      | Noticed a phantom
  3775 | D:4      | Noticed a phantom
  3790 | D:4      | HP: 2/41 [scorpion zombie (4)]
  3795 | D:4      | Slain by a scorpion zombie

Illustrated notes

Levels and vault maps discovered:
D:1:      erik_arrival_cave_to_civilisation [erik_arrival_cave_to_hall],
          layout_basic, wad_floor_pattern_1
D:2:      layout_loops_cross, chequers_ecumenical_altar_simple_redux
D:3:      layout_loops_cross, old_standard_altar, minmay_goblin_kobold_house
D:4:      layout_loops_ring, serial_undead, serial_undead_e, serial_undead_e,
          serial_undead_e, serial_undead_b, uniq_duvessa, uniq_robin

Skill      XL: |  1  2  3  4 |
---------------+-------------+-----
Unarmed Combat | 3 4 5 |  5.6
Fighting       | |  3.0
Dodging        | |  2.6
Stealth        | |  1.7

Action                   |  1- 3 |  4- 6 || total
-------------------------+-------+-------++-------
Melee: Unarmed           |   111 |   141 ||   252
       Tailslap          |    10 |    15 ||    25
       Punch             |     5 |     3 ||     8
  Use: Scroll            |       |     8 ||     8
       Potion            |       |     6 ||     6
 Stab: Sleeping          |     7 |     5 ||    12
Armor: Robe              |    22 |     8 ||    30
       Leather armour    |       |    44 ||    44
Dodge: Dodged            |    43 |    83 ||   126
